 Dungeon Crawl Stone Soup version 0.30-a0-920-g7493c07aab (webtiles) character file.

Game seed: 6908465846732335400

144 Pimp the Stinger (level 5, -3/29 HPs)
             Began as a Tengu Venom Mage on Mar 21, 2023.
             Was an Initiate of Okawaru.
             Killed by nerve-wracking pain
             ... invoked by a shadow imp
              (13 damage)
             ... on level 4 of the Dungeon.
             The game lasted 00:07:39 (1662 turns).

Pimp the Stinger (Tengu Venom Mage)                 Turns: 1662, Time: 00:07:39

Health: -3/29      AC:  2    Str:  8    XL:     5   Next: 27%
Magic:  18/18      EV: 16    Int: 18    God:    Okawaru [......]
Gold:   85         SH:  0    Dex: 20    Spells: 8/9 levels left

rFire   . . .      SeeInvis .    k - +2 short sword (drain)
rCold   . . .      Faith    .    (no shield)
rNeg    . . .      Spirit   .    m - +0 toga "Victory" {*Victory Clar}
rPois   .          Reflect  .    (helmet restricted)
rElec   .          Rampage  .    (no cloak)
rCorr   .          Clarity  +    (no gloves)
Will    .....                    (boots unavailable)
Stlth   +++                      (no amulet)
HPRegen 0.24/turn                c - +6 ring of dexterity
MPRegen 0.16/turn                d - ring of magical power

@: flying quickly and evasively, quick
A: beak, talons 3, nimble flight
a: Renounce Religion


You were on level 4 of the Dungeon.
You worshipped Okawaru.
Okawaru was noncommittal.
You visited 1 branch of the dungeon, and saw 4 of its levels.

You collected 85 gold pieces.

Inventory:

Hand Weapons
 k - a +2 short sword of draining (weapon)
Missiles
 j - 6 javelins
 l - 6 atropa-tipped darts
Armour
 a - a +0 robe
 f - a +0 leather armour
 m - the +0 toga "Victory" (worn) {*Victory Clar}
   (You found it on level 3 of the Dungeon)

   *Victory:  When the wearer kills a threatening monster, it has a chance to
   gain +1 AC, +1 Slay, and +1 Int, capping at +7.
   When the wearer uses a scroll or a potion with a hostile monster in sight,
   its bonuses reset to +0.
   Unequipping it also resets its bonuses to +0.
   Clar:      It protects you against confusion.
Jewellery
 c - a +6 ring of dexterity (left hand)
 d - a ring of magical power (right hand)
Scrolls
 o - a scroll of identify
 q - a scroll of vulnerability {unknown}
Potions
 b - 3 potions of magic
 e - a potion of curing
 g - a potion of brilliance
 h - a potion of invisibility
 i - a potion of lignification {unknown}
 n - a potion of ambrosia {unknown}


   Skills:
 + Level 1.4 Fighting
 + Level 3.2 Dodging
 + Level 3.0 Stealth
 + Level 2.6 Spellcasting
 + Level 1.6 Transmutations
 + Level 3.5 Poison Magic


You had 8 spell levels left.
You knew the following spells:

 Your Spells              Type           Power      Damage    Failure   Level
a - Sting                 Tmut/Pois      44%        1d5       6%          1

Your spell library contained the following spells:

 Spells                   Type           Power      Damage    Failure   Level
 Poisonous Vapours        Pois/Air       16%        N/A       12%         2
 Mephitic Cloud           Conj/Pois/Air  6%         N/A       30%         3
 Olgreb's Toxic Radiance  Pois           15%        N/A       36%         4


Dungeon Overview and Level Annotations

Branches:
Dungeon (4/15)
 Temple: D:4-7

Altars:
Ashenzari
Okawaru


Innate Abilities, Weirdness & Mutations

You have a beak for a mouth.
You have claws for feet.
Your magical nature lets you fly swiftly and evasively.


Message History

You don't know that spell.
You fly downwards.
Found an iron altar of Okawaru.
Found three stone staircases leading down.
There is a stone staircase leading up here.
The shadow imp shouts!
You hear a shout!
The shadow imp gestures at you.
You barely resist.
There is an iron altar of Okawaru here.
You hover solemnly before the altar of Okawaru.
Okawaru welcomes you! The ufetubus attacks as you move away!
The ufetubus misses you. The ufetubus completely misses you.
The shadow imp summons a swarm of flies.
The shadow imp gestures at you.
You barely resist. The ufetubus misses you. The ufetubus closely misses you.
The ufetubus attacks as you move away! The ufetubus misses you.
The ufetubus hits you.
There is a stone staircase leading down here.
You miss the ufetubus. You claw the ufetubus. You peck the ufetubus.
The ufetubus is moderately wounded.
The ufetubus barely misses you. The ufetubus closely misses you.
The ufetubus barely misses you. The ufetubus misses you.
You hit the ufetubus. Your kick misses the ufetubus.
Your peck misses the ufetubus.
The ufetubus is almost dead.
The ufetubus barely misses you. The ufetubus closely misses you.
You hit the ufetubus.
You kill the ufetubus!
Okawaru accepts your kill. The shadow imp gestures at you.
Pain shoots through your body!
You hit the shadow imp.
The shadow imp is severely wounded.
The shadow imp closely misses you.
You hit the shadow imp. Your kick misses the shadow imp.
The shadow imp is almost dead.
The shadow imp gestures at you. Pain shoots through your body!
You die...

## ..... #.##
..... ... ##.....
.. #....... ## #.
#.......
##..##.###.......
#......_##.......
..#.....#>...# .
#....5@.....# ...
##..........#....
#.............###
##.>.....<.......
#...#..>........
♣♣....#.........
....##..........
.... #......#..#
♣. ...#...##..


You could see a shadow imp.

Vanquished Creatures
  3 gnolls (D:3)
  4 adders
  An ufetubus (D:4)
  A worm (D:2)
  4 dart slugs
  An orc (D:2)
  4 bats (D:1)
  9 endoplasms
  4 giant cockroaches
  6 goblins
  5 hobgoblins
  2 jackals (D:1)
  2 kobolds
  A quokka (D:2)
  4 ball pythons
  3 frilled lizards
  9 rats
63 creatures vanquished.

Notes
Turn   | Place    | Note
-------+----------+-------------------------------------------
     0 | D:1      | Pimp the Tengu Venom Mage began the quest for the Orb.
     0 | D:1      | Reached XP level 1. HP: 10/10 MP: 4/4
   190 | D:1      | Reached skill level 1 in Transmutations
   190 | D:1      | Reached XP level 2. HP: 15/15 MP: 6/6
   458 | D:1      | Found a faded altar of an unknown god.
   526 | D:1      | Reached XP level 3. HP: 15/20 MP: 7/7
   961 | D:2      | Reached XP level 4. HP: 24/24 MP: 8/8
   990 | D:2      | Reached skill level 1 in Fighting
  1442 | D:3      | Found a broken altar of Ashenzari.
  1537 | D:3      | Gained mutation: Your magical nature lets you fly swiftly
                  | and evasively. [Tengu growth]
  1537 | D:3      | Reached XP level 5. HP: 29/29 MP: 9/9
  1563 | D:3      | Found the +0 toga "Victory" {*Victory Clar}
  1645 | D:4      | Found an iron altar of Okawaru.
  1652 | D:4      | Became a worshipper of Warmaster Okawaru
  1662 | D:4      | Killed from afar by a shadow imp

Illustrated notes

Levels and vault maps discovered:
D:1:      minmay_arrival_three_doors, layout_basic,
          hellmonk_ecumenical_altar_dog_temple
D:2:      layout_basic
D:3:      layout_basic, mainiacjoe_overflow_six_doors_small, grunt_ministairs_2
D:4:      minmay_clustersquares, layout_cave_pools, overflow_temple_1_default,
          serial_demonic, serial_demonic_a, serial_demonic_c, serial_demonic_b,
          serial_demonic_d

Skill      XL: |  1  2  3  4 |
---------------+-------------+-----
Transmutations | 1 |  1.6
Fighting       | 1 |  1.4
Dodging        | 3 |  3.2
Stealth        | 3 |  3.0
Spellcasting   | |  2.6
Poison Magic   | |  3.5

Action                     |  1- 3 |  4- 6 || total
---------------------------+-------+-------++-------
  Melee: Unarmed           |    23 |       ||    23
         Peck              |     5 |     9 ||    14
         Kick              |     6 |    13 ||    19
         Short sword       |    15 |    52 ||    67
   Cast: Sting             |    48 |     3 ||    51
    Use: Scroll            |     4 |     1 ||     5
         Potion            |       |     1 ||     1
   Stab: Sleeping          |     1 |     1 ||     2
         Distracted        |     1 |       ||     1
 Armour: Robe              |     5 |       ||     5
         Leather armour    |    11 |    11 ||    22
  Dodge: Dodged            |    36 |    44 ||    80

Table legend: (Time is in decaauts)
 A = Elapsed time spent in this place.
 B = Non-inter-level travel time spent in this place.
 C = Inter-level travel time spent in this place.
 D = Time resting spent in this place.
 E = Time spent auto-exploring this place.
 F = Levels seen in this place.
 G = Mean time per level.
                   A        B        C        D        E       F      G
               +--------+--------+--------+--------+--------+-----+--------+
         Total |   1652 |   1586 |     66 |    245 |    725 |   4 |  413.0 |
       Dungeon |   1652 |   1586 |     66 |    245 |    725 |   4 |  413.0 |
               +--------+--------+--------+--------+--------+-----+--------+

Top non-repeatable levels by time:
     D:1: 741 daAuts
     D:2: 623 daAuts
     D:3: 271 daAuts
     D:4: 15 daAuts
